 Dungeon Crawl Stone Soup version 0.31-a0-836-g3ceb0a68c4 (webtiles) character file.

Game seed: 12441870301785430070

859 PimpSugar the Magician (level 8, -2/56 HPs)
             Began as a Djinni Hedge Wizard on Sept 26, 2023.
             Slain by Ijyb
             ... wielding a +0 spectral club
              (4 damage)
             ... on level 4 of the Dungeon.
             The game lasted 00:26:43 (5546 turns).

PimpSugar the Magician (Djinni Hedge Wizard)        Turns: 5546, Time: 00:26:44

Health: -2/56      AC:  3    Str:  9    XL:     8   Next: 22%
Gold:   155        EV: 13    Int: 17    God:
                   SH:  0    Dex: 14

rFire   + + .        w - staff of cold
rCold   . . .        (no shield)
rNeg    . . .        b - +0 robe
rPois   ∞            c - +0 hat
rElec   .            (no cloak)
rCorr   .            f - +0 pair of gloves
SInv    .            (boots unavailable)
Will    .....        (no amulet)
Stlth   ++           (no ring)
HPRegen 0.29/turn    (no ring)
MPRegen 0.00/turn

%: infuse magic (-3 HP)
@: flying
A: sickness immunity, fire resistance 2, cold vulnerability 1, float, innate
caster, HP casting, extra vitality 1
a: no special abilities


You were on level 4 of the Dungeon.
You visited 2 branches of the dungeon, and saw 6 of its levels.

You collected 155 gold pieces.

Inventory:

Hand Weapons
 a - a +0 dagger
 k - a +2 dagger of venom
 m - a +2 dire flail of holy wrath
 t - a +2 dagger of electrocution
Missiles
 e - 17 stones (quivered)
Armour
 b - a +0 robe (worn)
 c - a +0 hat (worn)
 f - a +0 pair of gloves (worn)
 o - an orb of guile
Magical Staves
 l - a staff of earth
 w - a staff of cold (weapon)
Jewellery
 i - a ring of flight
Talismans
 r - a maw talisman
Scrolls
 j - 2 scrolls of vulnerability
 n - 3 scrolls of teleportation
Potions
 d - 3 potions of attraction
 g - a potion of cancellation
 h - a potion of mutation
 q - 3 potions of magic


   Skills:
 + Level 3.1 Fighting
 + Level 4.3 Dodging
 + Level 3.4 Stealth
 * Level 4.4 Spellcasting
 * Level 4.4 Conjurations
 * Level 4.4 Hexes
   Level 0.0 Charms
 * Level 4.4 Summonings
 * Level 4.4 Necromancy
 * Level 4.4 Translocations
 * Level 4.4 Transmutations
 * Level 4.4 Fire Magic
 * Level 4.4 Ice Magic
 * Level 4.4 Air Magic
 * Level 4.4 Earth Magic
 * Level 4.4 Poison Magic
 * Level 3.9 Evocations
 * Level 0.0 Shapeshifting


You knew the following spells:

 Your Spells              Type           Power      Damage    Failure   Level
a - Magic Dart            Conj           76%        1d6       2%          1
b - Call Imp              Summ           38%        N/A       3%          2
c - Mephitic Cloud        Conj/Pois/Air  19%        N/A       7%          3
d - Slow                  Hex            76%        N/A       2%          1
e - Blink                 Tloc           38%        N/A       3%          2
f - Dazzling Flash        Conj/Hex       38%        N/A       7%          3
g - Jinxbite              Hex            38%        N/A       3%          2
s - Sting                 Tmut/Pois      76%        1d6       2%          1
Your spell library was empty.

Dungeon Overview and Level Annotations

Branches:
Dungeon (5/15)             Temple (1/1) D:4

Altars:
Dithmenos
Elyvilon
Gozag
Hepliaklqana
Nemelex Xobeh
Qazlal
Ru
Uskayaw
Xom
Zin
The Shining One

Shops:
D:3 (

Annotations:
D:4 Ijyb


Innate Abilities, Weirdness & Mutations

You are immune to sickness and miasma.
You are immune to poison.
Your flesh is very heat resistant. (rF++)
You are vulnerable to cold. (rC-)
You float through the air rather than walking.
You learn spells naturally, not from books.
Your magical power is your life essence.
You have superior vitality. (+4 MHP)


Message History

Confirm with . or Enter, or press ? or * to list all spells.
Aiming: Sting (safe; 2% risk of failure)
Press: ? - help, Shift-Dir - straight line, f/p - Ijyb
Aim: Ijyb, wielding a +0 spectral club, wearing a +1 leather armour of cold resistance and carrying a wand of flame (heavily wounded, 67% to hit)
The sting hits Ijyb but does no damage.
Ijyb is poisoned.
Ijyb is heavily wounded.
* * * LOW HITPOINT WARNING * * *
Ijyb zaps a wand.
The puff of flame hits you. You resist.
* * * LOW HITPOINT WARNING * * *
Casting: Sting (safe; 2% risk of failure)
Confirm with . or Enter, or press ? or * to list all spells.
Aiming: Sting (safe; 2% risk of failure)
Press: ? - help, Shift-Dir - straight line, f/p - Ijyb
Aim: Ijyb, wielding a +0 spectral club, wearing a +1 leather armour of cold resistance and carrying a wand of flame (heavily wounded, poisoned, 67% to hit)
The sting hits Ijyb but does no damage.
Ijyb looks even sicker.
Ijyb is heavily wounded.
* * * LOW HITPOINT WARNING * * *
You hit Ijyb.
Ijyb is severely wounded.
Ijyb barely misses you. The +0 spectral club hits you.
* * * LOW HITPOINT WARNING * * *
Ijyb hits you with a +0 spectral club.
* * * LOW HITPOINT WARNING * * *
The +0 spectral club hits you.
* * * LOW HITPOINT WARNING * * *
A +0 spectral club comes into view.
Okay, then.
Hit: w) staff of cold
Press: ? - help, Dir - move target, f/p - Ijyb
Aim: Ijyb, wielding a +0 spectral club, wearing a +1 leather armour of cold resistance and carrying a wand of flame (severely wounded, very poisoned, about 44% to evade your staff of cold)
You hit Ijyb but do no damage.
Ijyb is severely wounded.
Ijyb barely misses you. The +0 spectral club barely misses you.
You closely miss Ijyb.
Ijyb is severely wounded.
Ijyb closely misses you. The +0 spectral club misses you.
You barely miss Ijyb.
Ijyb is severely wounded.
Ijyb hits you with a +0 spectral club.
You die...

#...#.....#...#..≈≈#
#...#.....#...#..≈≈#
##'##.....##'##..≈≈#
#..........).#...≈≈#
#.....§).....#...≈≈#
#.)g##########...≈≈#
#...#.......#####≈≈#
#...'......)'((%#≈≈#
#...'.......#$g@#≈≈#
####################


You could see a +0 spectral club and Ijyb (poisoned).

Vanquished Creatures
  Grinder (D:3)
  Edmund (D:4)
  An orc warrior (Temple)
  A scorpion (D:4)
  3 orc priests
  2 iguanas (D:4)
  An orc wizard (D:3)
  Robin (D:4)
  3 gnolls (D:2)
  2 adders (D:2)
  2 dart slugs
  5 orcs
  5 ball pythons
  5 endoplasms
  17 goblins
  13 hobgoblins
  7 jackals
  4 quokkas
  5 bats
  2 frilled lizards
  3 kobolds
  3 rats (D:3)
87 creatures vanquished.

Vanquished Creatures (collateral kills)
  2 hounds (D:4)
  An adder (D:2)
  A giant cockroach (D:1)
  A goblin (D:4)
  A hobgoblin (D:1)
  A quokka (D:1)
  A kobold (D:1)
8 creatures vanquished.

Grand Total: 95 creatures vanquished

Notes
Turn   | Place    | Note
-------+----------+-------------------------------------------
     0 | D:1      | PimpSugar the Djinni Hedge Wizard began the quest for the
                  | Orb.
     0 | D:1      | PimpSugar set off with the following spells memorised:
                  | Magic Dart, Slow, Blink, Call Imp, Mephitic Cloud.
     0 | D:1      | Reached XP level 1. HP: 15/15 MP: 0/0
   193 | D:1      | Reached XP level 2. HP: 10/22 MP: 0/0
   826 | D:2      | Reached XP level 3. HP: 17/26 MP: 0/0
   826 | D:2      | Learned a level 1 spell: Sting
  1204 | D:2      | Reached skill level 1 in Fighting
  1214 | D:2      | Reached XP level 4. HP: 25/32 MP: 0/0
  2545 | D:3      | Reached XP level 5. HP: 23/37 MP: 0/0
  2545 | D:3      | Learned a level 2 spell: Jinxbite
  2560 | D:3      | Reached skill level 1 in Evocations
  2771 | D:3      | Found Jynwox's Weapon Emporium.
  2883 | D:3      | Found a faded altar of an unknown god.
  3270 | D:3      | Noticed Grinder
  3293 | D:3      | Paralysed by Grinder for 5 turns
  3338 | D:3      | Paralysed by Grinder for 5 turns
  3357 | D:3      | Paralysed by Grinder for 5 turns
  3364 | D:3      | Paralysed by Grinder for 3 turns
  3369 | D:3      | Killed Grinder
  3370 | D:3      | Reached XP level 6. HP: 10/43 MP: 0/0
  3762 | D:4      | Reached XP level 7. HP: 43/49 MP: 0/0
  3762 | D:4      | Learned a level 3 spell: Dazzling Flash
  3968 | D:4      | Found a staircase to the Ecumenical Temple.
  3984 | Temple   | Entered the Ecumenical Temple
  4417 | D:4      | Noticed Robin
  4429 | D:4      | Killed Robin
  4543 | D:4      | Noticed Edmund
  4571 | D:5      | Entered Level 5 of the Dungeon
  4966 | D:4      | Reached XP level 8. HP: 20/56 MP: 0/0
  5123 | D:4      | HP: 3/84 [Edmund/puff of flame (3)]
  5128 | D:4      | Killed Edmund
  5483 | D:4      | Noticed Ijyb
  5543 | D:4      | HP: 1/56 [+0 spectral club[Ijyb] (2)]
  5546 | D:4      | Slain by Ijyb

Illustrated notes

Levels and vault maps discovered:
D:1:      amcnicky_arrival_wind_blow, layout_loops_ring,
          roderic_cross_of_infinity, grunt_decor_one_mirror
D:2:      layout_basic, hangedman_decor_slide_cut
D:3:      layout_loops_ring, nicolae_ecumenical_lake_church, serial_shops, shop,
          uniq_grinder
D:4:      kennysheep_goblin_castle, layout_cave_pools, vehumet_statue,
          temple_fountains, uniq_edmund, uniq_ijyb, uniq_robin
D:5:      nicolae_cairo_tiling, layout_loops_corners, kennysheep_mini_moat,
          uniq_blork_the_orc
Temple:   minmay_temple_bridge_abc

Skill      XL: |  1  2  3  4  5  6  7 |
---------------+----------------------+-----
Spellcasting   | 3 4 |  4.4
Conjurations   | 3 4 |  4.4
Hexes          | 3 4 |  4.4
Summonings     | 3 4 |  4.4
Necromancy     | 3 4 |  4.4
Translocations | 3 4 |  4.4
Transmutations | 3 4 |  4.4
Fire Magic     | 3 4 |  4.4
Ice Magic      | 3 4 |  4.4
Air Magic      | 3 4 |  4.4
Earth Magic    | 3 4 |  4.4
Poison Magic   | 3 4 |  4.4
Fighting       | 1 2 3 |  3.1
Stealth        | 2 3 |  3.4
Dodging        | 3 4 |  4.3
Evocations     | 2 3 |  3.9

Action                     |  1- 3 |  4- 6 |  7- 9 || total
---------------------------+-------+-------+-------++-------
  Melee: Dagger            |    27 |     5 |       ||    32
         Staff             |       |    54 |   104 ||   158
         Punch             |       |       |     1 ||     1
  Throw: Stone             |       |       |     1 ||     1
   Cast: Magic Dart        |    29 |    15 |    23 ||    67
         Call Imp          |     8 |     7 |    12 ||    27
         Sting             |     5 |    25 |    55 ||    85
         Jinxbite          |       |     4 |       ||     4
         Blink             |       |     1 |     6 ||     7
         Slow              |       |     1 |     5 ||     6
         Dazzling Flash    |       |       |     2 ||     2
  Evoke: Wand              |       |       |     5 ||     5
    Use: Scroll            |     6 |     6 |     5 ||    17
         Potion            |     1 |       |     6 ||     7
   Stab: Sleeping          |     1 |     1 |     2 ||     4
         Distracted        |       |       |     1 ||     1
         Invisible         |       |       |     1 ||     1
 Armour: Robe              |    20 |    48 |   130 ||   198
         Skin              |       |       |    16 ||    16
  Dodge: Dodged            |    33 |    39 |   144 ||   216

Table legend: (Time is in decaauts)
 A = Elapsed time spent in this place.
 B = Non-inter-level travel time spent in this place.
 C = Inter-level travel time spent in this place.
 D = Time resting spent in this place.
 E = Time spent auto-exploring this place.
 F = Levels seen in this place.
 G = Mean time per level.
                   A        B        C        D        E       F      G
               +--------+--------+--------+--------+--------+-----+--------+
         Total |   5575 |   5254 |    321 |   1916 |   1808 |   6 |  929.2 |
       Dungeon |   5168 |   4906 |    262 |   1693 |   1808 |   5 | 1033.6 |
        Temple |    407 |    348 |     59 |    223 |      0 |   1 |  407.0 |
               +--------+--------+--------+--------+--------+-----+--------+

Top non-repeatable levels by time:
     D:2: 1610 daAuts
     D:3: 1229 daAuts
     D:4: 1009 daAuts
     D:1: 909 daAuts
     D:5: 408 daAuts
  Temple: 407 daAuts
